 Dungeon Crawl Stone Soup version 0.17.0-24-gcfadda4 (webtiles) character file.

12729 Helmschank the Cleaver (level 11, 0/96 HPs)
             Began as a Deep Dwarf Fighter on Nov 17, 2015.
             Was the Champion of Makhleb.
             Slain by a komodo dragon (18 damage)
             ... on level 2 of the Lair of Beasts.
             The game lasted 01:34:41 (11855 turns).

Helmschank the Cleaver (Deep Dwarf Fighter)        Turns: 11855, Time: 01:34:41

Health: 0/96       AC: 19    Str: 22    XL:     11   Next: 66%
Magic:  16/16      EV:  7    Int: 12    God:    Makhleb [******]
Gold:   759        SH:  0    Dex: 18    Spells: 0 memorised, 10 levels left

rFire  . . .     SeeInvis .     v - +1 executioner's axe (venom)
rCold  . . .     Clarity  .     j - +0 plate armour
rNeg   + . .     SustAt   .     (shield currently unavailable)
rPois  .         Gourm    .     (no helmet)
rElec  .         Spirit   .     (no cloak)
rCorr  .         Warding  +     p - +0 pair of gloves
rMut   .         Stasis   .     (no boots)
MR     +....                    o - amulet of warding
Stlth  ..........               n - +4 ring of protection
                                l - +6 ring of dexterity

@: lethally poisoned (0 -> -5), non-regenerating, somewhat resistant to hostile
enchantments, extremely unstealthy
A: damage resistance, recharge devices, clever 1, sense surroundings 2, slow
regeneration 3, spit poison 1
a: Device Recharging, Spit Poison, Minor Destruction, Lesser Servant of Makhleb,
Major Destruction, Greater Servant of Makhleb, Renounce Religion


You were on level 2 of the Lair of Beasts.
You worshipped Makhleb.
Makhleb was exalted by your worship.
You were not hungry.

You visited 3 branches of the dungeon, and saw 12 of its levels.
You also visited: Bailey.

You collected 759 gold pieces.

Inventory:

Hand Weapons
 a - a +2 flail
 e - a +1 blowgun
 v - a +1 executioner's axe of venom (weapon)
 w - a +0 war axe
 T - a +0 battleaxe
Missiles
 z - 8 poisoned needles
 M - 7 tomahawks
 N - 46 tomahawks of returning
 R - 6 javelins
 U - 661 stones (quivered)
 X - 4 poisoned tomahawks
Armour
 c - a +0 shield
 d - a +1 ring mail of cold resistance
 j - a +0 plate armour (worn)
 p - a +0 pair of gloves (worn)
 q - a +1 ring mail of poison resistance
 F - a +1 chain mail of magic resistance
Jewellery
 l - a +6 ring of dexterity (left hand)
 n - a +4 ring of protection (right hand)
 o - an amulet of warding (around neck)
 s - an uncursed ring of protection from fire
Wands
 b - a wand of teleportation (5)
 u - a wand of fire (6)
 y - a wand of heal wounds (3)
 B - a wand of teleportation (6)
 G - a wand of draining (0)
 O - a wand of random effects (33)
Scrolls
 h - 5 scrolls of remove curse
 i - a scroll of amnesia
 m - 3 scrolls of recharging
 r - 5 scrolls of teleportation
 A - 4 scrolls of blinking
 L - a scroll of fear
 Y - a scroll of magic mapping
Potions
 g - 3 potions of agility
 k - 3 potions of curing
 x - 2 potions of flight
 D - a potion of magic
 H - a potion of berserk rage
 J - 2 potions of heal wounds
 P - a potion of resistance
 V - 2 potions of might
Comestibles
 f - 8 bread rations
 t - 5 meat rations
 C - 14 beef jerkies
 E - 3 slices of pizza
 K - 7 fruits


   Skills:
 - Level 5.4 Fighting
 * Level 13.8 Axes
 + Level 9.4 Armour
 - Level 9.1 Shields
 + Level 6.9 Invocations
 + Level 3.6 Evocations


You had 10 spell levels left.
You didn't know any spells.

Dungeon Overview and Level Annotations

Branches:
Dungeon (9/15)             Temple (1/1) D:4            Lair (2/8) D:9
    Orc: D:9-12

Altars:
Ashenzari
Cheibriados
Dithmenos
Elyvilon
Fedhas
Gozag
Kikubaaqudgha
Makhleb
Nemelex Xobeh
Okawaru
Qazlal
Ru
Sif Muna
Trog
Vehumet
Xom
Yredelemnul
Zin
The Shining One

Shops:
D:9 %

Annotations:
D:5 Blork the orc
Lair:2 Sonja


Innate Abilities, Weirdness & Mutations

You are resistant to damage.
You can recharge devices by infusing magical energy.
You passively map the area around you.
You do not regenerate naturally.
Your mind is acute. (Int +2)
You can spit weak poison.


Message History

Evoke which item? (* to show all) (? for menu, Esc to quit)
Zapping:
y - a wand of heal wounds (4)
Press: ? - help, Shift-Dir - straight line, f - you You feel much better.
This wand has 3 charges left.
You feel sick. The spiny frog completely misses you.
The komodo dragon bites you but does no damage.
You feel sick.
The spiny frog stings you but does no damage.
The spiny frog stings you!
* * * LOW HITPOINT WARNING * * *
You are more poisoned.
The spiny frog poisons you!
You feel very sick.
The spiny frog stings you but does no damage.
You feel sick.
The spiny frog stings the fungus!!
You feel very sick.
You closely miss the komodo dragon.
The komodo dragon is moderately wounded.
You feel sick.
The spiny frog stings something!!
The komodo dragon bites you!!
You die...

##..# *P..## #......# #.####
*P.. * ## ##.....# #.##.##.... ,
###.#####.....# #........ ..
..............#
###....<#..#+.##..............##
................#..............#
................#..............#
#.#..#..#.......#.............##
.....#..........@.............#
.....+..........#l............#
.....# .#.......PF######......##
....... .........# ##.......#
......., .......#.# #.......##
.....P .........# #P......#
..#.# .........# ####......##
..... .......#.###..#.......#
.#..#P .+##..##.............##


You could see a komodo dragon and a spiny frog.

Vanquished Creatures
  Pikel (D:4)
  The ghost of Xandrah the Cleaver, a novice HOAK of Lugonu (D:8)
  A hill giant (D:7)
  9 spiny frogs
  A komodo dragon (Lair:1)
  A two-headed ogre (D:9)
  Sigmund (D:5)
  6 yaks
  The ghost of kylecrane the Conjurer, an amateur TeFE (D:4)
  A deep elf mage (D:9)
  3 hippogriffs
  2 water moccasins
  4 wolves (D:9)
  A black bear (D:9)
  4 porcupines
  2 sky beasts
  3 slaves (D:4)
  An ice beast (D:8)
  3 ogres
  6 orc warriors
  2 centaurs
  2 crocodiles
  2 gnoll sergeants
  6 big kobolds
  A wyvern zombie (D:9)
  8 giant frogs
  2 scorpions
  12 wights
  5 killer bees (D:9)
  5 crimson imps
  A jelly (D:7)
  A centaur zombie (D:7)
  9 orc wizards
  2 giant frog skeletons
  A giant frog zombie (D:9)
  5 hounds
  6 orc priests
  Natasha (thrice) (D:3)
  A sheep (D:9)
  4 worker ants
  A hound zombie (D:6)
  35 river rats
  10 adders
  21 gnolls
  3 shadow imps
  2 adder zombies
  A worm (D:3)
  7 giant geckos
  33 orcs
  3 ball pythons (D:3)
  8 giant cockroaches
  11 goblins
  19 hobgoblins
  6 quokkas
  3 bats
  3 giant newts
  5 jackals (D:6)
  62 kobolds
  4 rats
  3 fungi
370 creatures vanquished.

Vanquished Creatures (collateral kills)
  An ugly thing (D:9)
1 creature vanquished.

Vanquished Creatures (others)
  A slave (D:5)
  2 fungi (Lair:2)
3 creatures vanquished.

Grand Total: 374 creatures vanquished

Notes
Turn   | Place    | Note
--------------------------------------------------------------
     0 | D:1      | Helmschank the Deep Dwarf Fighter began the quest for the Orb.
     0 | D:1      | Reached XP level 1. HP: 20/20 MP: 1/1
   389 | D:1      | Reached XP level 2. HP: 27/27 MP: 2/2
   839 | D:2      | Found a shattered altar of Ashenzari.
   920 | D:2      | Reached XP level 3. HP: 29/33 MP: 3/3
  1106 | D:2      | Reached skill level 4 in Shields
  1716 | D:3      | Reached XP level 4. HP: 25/40 MP: 4/4
  1837 | D:3      | Found a glowing silver altar of Zin.
  1838 | D:3      | Found a glowing golden altar of the Shining One.
  1842 | D:3      | Found a snail-covered altar of Cheibriados.
  1843 | D:3      | Found a shadowy altar of Dithmenos.
  1844 | D:3      | Found a sparkling altar of Nemelex Xobeh.
  1844 | D:3      | Found a shattered altar of Ashenzari.
  1844 | D:3      | Found a radiant altar of Vehumet.
  1846 | D:3      | Found a sacrificial altar of Ru.
  2009 | D:3      | Noticed a sky beast
  2050 | D:3      | Killed a sky beast
  2050 | D:3      | Reached skill level 5 in Axes
  2050 | D:3      | Reached XP level 5. HP: 23/46 MP: 5/5
  2196 | D:3      | Noticed Natasha
  2207 | D:3      | Killed Natasha
  2209 | D:3      | Noticed an ogre
  2217 | D:3      | Killed an ogre
  2217 | D:3      | Reached skill level 6 in Axes
  2217 | D:3      | Reached skill level 5 in Shields
  2217 | D:3      | Reached XP level 6. HP: 40/55 MP: 6/6
  2538 | D:4      | Found a deep blue altar of Sif Muna.
  2542 | D:4      | Found an opulent altar of Gozag.
  2751 | D:4      | Found a staircase to the Ecumenical Temple.
  2760 | Temple   | Entered the Ecumenical Temple
  2810 | Temple   | Became a worshipper of Makhleb the Destroyer
  3100 | D:3      | Noticed Natasha
  3108 | D:3      | Killed Natasha
  3108 | D:3      | Reached XP level 7. HP: 35/61 MP: 7/7
  3130 | D:3      | Noticed Natasha
  3135 | D:3      | Killed Natasha
  3275 | D:4      | Reached * piety under Makhleb
  3374 | D:4      | Noticed kylecrane's ghost (amateur TeFE)
  3428 | D:3      | Reached skill level 7 in Axes
  3472 | D:4      | Killed kylecrane's ghost
  3473 | D:4      | Reached skill level 5 in Armour
  3477 | D:4      | Reached XP level 8. HP: 30/68 MP: 8/8
  3480 | D:4      | Reached skill level 8 in Axes
  3559 | D:4      | Reached ** piety under Makhleb
  4095 | D:5      | Entered Level 5 of the Dungeon
  4141 | D:5      | Noticed Sigmund
  4155 | D:5      | Killed Sigmund
  4197 | D:5      | Reached *** piety under Makhleb
  4198 | D:5      | Reached skill level 9 in Axes
  4289 | D:5      | Found a shimmering altar of Xom.
  4294 | D:5      | Noticed Blork the orc
  4330 | D:5      | Noticed Pikel
  4967 | D:4      | Killed Pikel
  4967 | D:4      | Gained mutation: You passively map the area around you. [Deep Dwarf growth]
  4967 | D:4      | Reached XP level 9. HP: 60/74 MP: 9/9
  5956 | D:6      | Reached skill level 10 in Axes
  6544 | D:6      | Reached **** piety under Makhleb
  6719 | D:7      | Noticed a hill giant
  6836 | D:7      | Killed a hill giant
  6958 | D:7      | Reached skill level 11 in Axes
  7046 | D:7      | HP: 3/75 [orc priest/divine providence (11)]
  7667 | D:8      | Noticed Xandrah's ghost (novice HOAK)
  7710 | D:8      | Reached XP level 10. HP: 18/84 MP: 10/10
  7869 | D:8      | Reached skill level 1 in Invocations
  8178 | D:8      | Killed Xandrah's ghost
  8393 | D:9      | Reached ***** piety under Makhleb
  8419 | D:9      | Reached skill level 12 in Axes
  8434 | D:9      | Found a staircase to the Lair.
  8450 | D:9      | Found a flagged portal.
  8460 | Bailey   | Entered a bailey
  8477 | Bailey   | Noticed an orc warlord
  8570 | Bailey   | Found a runed gate.
  8570 | Bailey   | Found a runed gate.
  8570 | Bailey   | Found a runed gate.
  9031 | D:9      | Found Zivarch's Food Shoppe.
  9722 | Lair:1   | Entered Level 1 of the Lair of Beasts
  9760 | D:9      | Reached skill level 5 in Fighting
  9760 | D:9      | Reached skill level 5 in Invocations
  9761 | D:9      | Noticed a brown ugly thing
  9834 | D:9      | Killed a brown ugly thing
  9868 | D:9      | Reached XP level 11. HP: 44/94 MP: 14/14
 10054 | Lair:1   | Reached skill level 13 in Axes
 10795 | Lair:1   | Reached ****** piety under Makhleb
 10974 | Lair:1   | Gained mutation: You can spit weak poison. [potion of beneficial mutation]
 10975 | Lair:1   | Gained mutation: Your mind is acute. (Int +2) [potion of beneficial mutation]
 11068 | Lair:2   | Reached skill level 1 in Evocations
 11201 | Lair:2   | Identified a scroll of acquirement
 11427 | Lair:2   | Noticed Sonja
 11855 | Lair:2   | Slain by a komodo dragon

Action                   |  1- 3 |  4- 6 |  7- 9 | 10-12 || total
-------------------------+-------+-------+-------+-------++-------
Melee: War axe           |   125 |   175 |   497 |   662 ||  1459
       Executioner's axe |       |       |       |     8 ||     8
 Fire: Blowgun           |       |       |    13 |     9 ||    22
Throw: Stone             |    16 |    28 |    35 |    30 ||   109
       Tomahawk          |       |       |       |     3 ||     3
Invok: Lesser Servant of |       |       |       |     3 ||     3
Evoke: Wand              |       |     6 |     7 |    13 ||    26
  Use: Scroll            |       |     7 |    12 |    10 ||    29
       Potion            |       |       |     2 |     4 ||     6
  Eat: Chunk             |     3 |     4 |    16 |    14 ||    37
       Royal jelly       |       |       |       |     1 ||     1
